 Dungeon Crawl Stone Soup version 0.23-a0-417-gf02c810438 (webtiles) character file.

2858 Nixze the Tainter (level 9, -5/73 HPs)
             Began as a Yellow Draconian Venom Mage on Nov 10, 2018.
             Was a Follower of Sif Muna.
             Slain by a cyan ugly thing (17 damage)
             ... on level 9 of the Dungeon.
             The game lasted 00:38:47 (13990 turns).

Nixze the Tainter (Yellow Draconian Venom Mage)    Turns: 13990, Time: 00:38:48

Health: -5/73      AC:  8    Str: 10    XL:     9   Next: 47%
Magic:  7/26       EV: 12    Int: 21    God:    Sif Muna [*.....]
Gold:   296        SH:  0    Dex: 12    Spells: 2/18 levels left

rFire    . . .     SeeInvis .   a - +0 dagger (freeze)
rCold    . . .     Gourm    .   (no shield)
rNeg     . . .     Faith    .   (armour unavailable)
rPois    .         Spirit   .   (helmet restricted)
rElec    .         Reflect  .   (no cloak)
rCorr    +         Harm     .   n - +0 pair of gloves
MR       .....                  (no boots)
Stlth    ++........             (no amulet)
HPRegen  0.22/turn              A - ring of magical power
MPRegen  0.20/turn              y - +2 ring of intelligence

@: short of breath, divine energy
A: spit acid, acid resistance, unfitting armour, cold-blooded, AC +7
a: Breathe Acid, Stop Divine Energy, Renounce Religion


You were on level 9 of the Dungeon.
You worshipped Sif Muna.
Sif Muna was aware of your devotion.
You were very hungry.

You visited 2 branches of the dungeon, and saw 11 of its levels.

You collected 492 gold pieces.
You spent 196 gold pieces at shops.

Inventory:

Hand Weapons
 a - a +0 dagger of freezing (weapon)
 b - a +2 dagger of venom
Armour
 f - a +0 cloak
 n - a +0 pair of gloves (worn)
 H - a scarf of spirit shield
Magical Staves
 E - an uncursed staff of cold
 F - an uncursed staff of death
Jewellery
 q - an uncursed ring of ice
 v - a +4 ring of dexterity
 y - a +2 ring of intelligence (right hand)
 A - a ring of magical power (left hand)
Wands
 p - a wand of random effects (11)
 w - a wand of flame (21)
Scrolls
 e - 2 scrolls of identify
 h - a scroll of noise {unknown}
 k - a scroll of teleportation
 m - 3 scrolls of remove curse
 r - a scroll of enchant weapon {unknown}
 s - 3 scrolls of immolation
 t - a scroll of enchant armour {unknown}
 z - a scroll of amnesia {unknown}
 D - a scroll of blinking
 G - a scroll of fear {unknown}
Potions
 c - 2 potions of ambrosia
 d - 3 potions of might
 g - 2 potions of lignification
 i - 4 potions of curing
 j - a potion of heal wounds
 o - a potion of invisibility
 u - a potion of brilliance {unknown}
 x - a potion of cancellation
 B - a potion of resistance {unknown}
 C - 2 potions of haste
Comestibles
 l - 14 rations
 I - 5 chunks of flesh


   Skills:
 + Level 4.8 Fighting
 + Level 2.4 Dodging
 + Level 2.5 Stealth
 + Level 5.3 Spellcasting
 + Level 5.4 Conjurations
 - Level 4.0 Air Magic
 * Level 8.4 Poison Magic
 + Level 1.7 Invocations


You had 2 spell levels left.
You knew the following spells:

 Your Spells              Type           Power        Failure   Level  Hunger
a - Sting                 Conj/Pois      ####         1%          1    None
b - Poisonous Vapours     Pois/Air       ####..       1%          2    None
c - Mephitic Cloud        Conj/Pois/Air  ####....     2%          3    ##.....
d - Olgreb's Toxic Radia  Pois           #####...     3%          4    ####...
e - Venom Bolt            Conj/Pois      ####......   17%         5    #####..
f - Magic Dart            Conj           ####         1%          1    None

Your spell library contained the following spells:

 Spells                   Type           Power        Failure   Level  Hunger
 Shock                    Conj/Air       ####         1%          1    None
 Swiftness                Chrm/Air       ##......     7%          2    None
 Animate Skeleton         Necr           N/A          11%         1    None
 Apportation              Tloc           #.....       11%         1    None
 Confusing Touch          Hex            #.....       11%         1    None
 Summon Small Mammal      Summ           #...         11%         1    None
 Blink                    Tloc           N/A          16%         2    None
 Call Imp                 Summ           #.......     16%         2    None
 Slow                     Hex            #.......     16%         2    None
 Static Discharge         Conj/Air       ####....     4%          3    ##.....
 Conjure Flame            Conj/Fire      ###.....     11%         3    ##.....
 Airstrike                Air            ###.......   21%         4    ####...
 Confuse                  Hex            #.......     30%         3    ##.....
 Gell's Gravitas          Tloc           #.........   30%         3    ##.....
 Lightning Bolt           Conj/Air       ####......   38%         5    #####..
 Petrify                  Tmut/Erth      #.......     71%         4    ####...
 Metabolic Englaciation   Hex/Ice        #.........   96%         5    #####..
 Yara's Violent Unravell  Hex/Tmut       #.........   96%         5    #####..


Dungeon Overview and Level Annotations

Branches:
Dungeon (10/15)            Temple (1/1) D:7
   Lair: D:8-11         Orc: D:9-12

Altars:
Ashenzari
Cheibriados
Elyvilon
Fedhas
Gozag
Hepliaklqana
Kikubaaqudgha
Makhleb
Nemelex Xobeh
Okawaru
Qazlal
Ru
Sif Muna
Trog
Uskayaw
Wu Jian
Xom
Yredelemnul

Shops:
D:6 !   D:9 %

Annotations:
D:2 exclusion: downstairs
D:3 Grinder, Sigmund
D:4 Natasha
D:10 exclusions: acid dragon and troll


Innate Abilities, Weirdness & Mutations

You can spit globs of acid.
You are resistant to acid.
Your golden yellow scales are hard. (AC +7)
You cannot fit into any form of body armour.
You are cold-blooded and may be slowed by cold attacks.


Message History

The cyan ugly thing appears confused.
The cyan ugly thing gores you. The cyan ugly thing shocks you!
* * * LOW HITPOINT WARNING * * *
The cyan ugly thing is engulfed in noxious fumes.
The cyan ugly thing is engulfed in noxious fumes.
The cyan ugly thing seems less confused.
The cyan ugly thing is engulfed in noxious fumes.
There is an open door here.
There is an open door here.
You close the door.
A cyan ugly thing opens the door.
The cyan ugly thing looks more healthy.
You have got your breath back.
Press: ? - help, Shift-Dir - straight line, f - cyan ugly thing
Aim: a cyan ugly thing (severely wounded)
You spit a glob of acid.
The glob of acid misses the cyan ugly thing.
You feel somewhat more hungry. The cyan ugly thing gores you.
* * * LOW HITPOINT WARNING * * *
The cyan ugly thing shocks you!
You die...

...#...#...# #..#..# #...#.
...#...#...# #..##.# #...#.
...#####...# #...#.# #...##
...........# #...#.######....#
..[........# #...#...........#
#########[.# #...#.#######...(
#.......#..# #..##.#.....#...#
#.......#..######..#..#.....#...#
#.......'......u@..#..#.....###.#
##'######..........#..#.......#..
...................#..###'#####..
......#########....#..[..........
.u....# #....######'#######
....).# #..................
......# #......##########..
......#########......# #..
.....................# #..


You could see a cyan ugly thing.

Vanquished Creatures
  A troll (D:9)
  2 wyverns (D:9)
  An ice beast (D:7)
  2 phantoms
  A centaur (D:8)
  5 ogres
  3 bullfrogs
  A big kobold (D:9)
  A water moccasin skeleton (D:6)
  4 wights (D:9)
  2 crimson imps (D:8)
  A bullfrog zombie (D:5)
  3 jellies
  A quasit (D:10)
  4 orc priests
  2 centaur zombies
  A hound (D:4)
  Crazy Yiuf (D:4)
  2 centaur skeletons
  4 orc wizards
  2 iguanas
  Ijyb (D:3)
  6 worker ants
  3 adders
  9 gnolls
  A shadow imp (D:5)
  4 worms
  2 dart slugs
  2 leopard geckos
  22 orcs
  5 giant cockroaches
  7 goblins
  5 hobgoblins
  11 jackals
  12 kobolds
  3 quokkas
  A ball python (D:1)
  6 bats
  5 frilled lizards
  A leopard gecko zombie (D:5)
  A quokka skeleton (D:4)
  A quokka zombie (D:6)
  16 rats
168 creatures vanquished.

Notes
Turn   | Place    | Note
-------+----------+-------------------------------------------
     0 | D:1      | Nixze the Draconian Venom Mage began the quest for the Orb.
     0 | D:1      | Reached XP level 1. HP: 14/14 MP: 3/3
   423 | D:1      | Reached XP level 2. HP: 20/20 MP: 3/5
   772 | D:1      | Learned a level 2 spell: Poisonous Vapours
  1407 | D:1      | Reached XP level 3. HP: 26/26 MP: 1/6
  2115 | D:2      | Noticed a hand axe
  2117 | D:2      | Found a hide-covered altar of Uskayaw.
  2117 | D:2      | Noticed a hand axe
  2820 | D:2      | Reached skill level 1 in Air Magic
  2820 | D:2      | Reached XP level 4. HP: 19/33 MP: 0/7
  2870 | D:2      | Reached skill level 4 in Poison Magic
  3487 | D:3      | Learned a level 3 spell: Mephitic Cloud
  3801 | D:3      | Noticed Ijyb
  4083 | D:3      | HP: 1/33 [orc priest/divine providence (11)]
  4087 | D:3      | Reached XP level 5. HP: 1/38 MP: 2/9
  4287 | D:3      | Killed Ijyb
  4574 | D:3      | Found an opulent altar of Gozag.
  4667 | D:3      | Noticed Grinder
  4854 | D:3      | Found an ornate altar of the Wu Jian Council.
  5004 | D:3      | Reached XP level 6. HP: 28/45 MP: 0/10
  5173 | D:3      | Noticed Sigmund
  5291 | D:4      | Reached skill level 5 in Poison Magic
  5320 | D:4      | Found an ancient bone altar of Kikubaaqudgha.
  5332 | D:4      | Found a runed door.
  5522 | D:4      | Learned a level 4 spell: Olgreb's Toxic Radiance
  5834 | D:4      | Reached skill level 1 in Fighting
  5867 | D:4      | Noticed Natasha
  5886 | D:4      | Found a hazy altar of Hepliaklqana.
  6112 | D:4      | Noticed Crazy Yiuf
  6123 | D:4      | Killed Crazy Yiuf
  6123 | D:4      | Your scales start taking on a golden yellow colour.
  6123 | D:4      | Reached XP level 7. HP: 47/52 MP: 1/12
  6176 | D:5      | Entered Level 5 of the Dungeon
  7280 | D:6      | Reached skill level 6 in Poison Magic
  7945 | D:6      | Found Lejeiri's Distillery.
  7953 | D:6      | Bought a potion of degeneration for 14 gold pieces
  7953 | D:6      | Bought a potion of heal wounds for 70 gold pieces
  7953 | D:6      | Bought a potion of heal wounds for 70 gold pieces
  7953 | D:6      | Bought a potion of curing for 42 gold pieces
  8271 | D:6      | Reached XP level 8. HP: 57/62 MP: 14/14
  8290 | D:6      | Learned a level 5 spell: Venom Bolt
  8670 | D:7      | Found a blossoming altar of Fedhas.
  9012 | D:7      | Found a sparkling altar of Nemelex Xobeh.
  9012 | D:7      | Found a white marble altar of Elyvilon.
  9221 | D:7      | Found a staircase to the Ecumenical Temple.
  9263 | Temple   | Entered the Ecumenical Temple
  9414 | Temple   | Became a worshipper of Sif Muna the Loreminder
  9625 | D:7      | Found a burning altar of Makhleb.
  9892 | D:7      | Reached skill level 7 in Poison Magic
 10170 | D:8      | Found a stormy altar of Qazlal.
 10390 | D:8      | Noticed a two-headed ogre
 10395 | D:8      | HP: 1/63 [two-headed ogre/+0 giant club (25)]
 10401 | D:8      | Found an opulent altar of Gozag.
 11532 | D:9      | Reached * piety under Sif Muna
 11662 | D:9      | Reached skill level 5 in Spellcasting
 11662 | D:9      | Reached skill level 5 in Conjurations
 11662 | D:9      | Reached XP level 9. HP: 9/71 MP: 16/16
 11979 | D:9      | Learned a level 1 spell: Magic Dart
 12071 | D:9      | Reached skill level 8 in Poison Magic
 12585 | D:9      | Found Xeicas's Food Emporium.
 12800 | D:10     | Entered Level 10 of the Dungeon
 12870 | D:10     | Reached skill level 1 in Invocations
 12936 | D:10     | Noticed a troll
 12940 | D:10     | Noticed a troll
 12951 | D:10     | Noticed a cyan ugly thing
 12955 | D:10     | Noticed a manticore
 12973 | D:9      | HP: 3/72 [wyvern (9)]
 13798 | D:9      | Killed a troll
 13990 | D:9      | Slain by a cyan ugly thing

Vault maps used:
D:1:      erik_arrival_orb_chamber, chequers_serial_rivers_room_a
D:2:      minmay_diamond_boxcup, dancing_weapons_uskayaw
D:3:      nicolae_dithmenos_shadow_blocks, lemuel_coloured_pillars_altar,
          nicolae_gozag_seed_capital, uniq_grinder, uniq_sigmund, uniq_ijyb
D:4:      old_standard_altar, corexii_hall_statues_u, minmay_crystal_room,
          lemuel_tele_altar, uniq_natasha, uniq_crazy_yiuf_cottage
D:5:      first_ration
D:6:      serial_shops, nicolae_shop_trees, st_stairs_1
D:7:      gammafunk_temple_overflow_wave, fedhas_ov_isle_minmay,
          minmay_temple_entry_trees, serial_park, serial_park_avenue1,
          basic_altar, minmay_misc_feat_cross, grunt_ogre_cave
D:8:      lemuel_crystal_altar, grunt_qazlal_sundering
D:9:      serial_shops, nicolae_shop_window_shopping
D:10:     cheibrodos_iron_armory, lair_entry_dummy, orc_0_dummy, basic_altar,
          minmay_the_grid_2x2
Temple:   nicolae_temple_figure_eight

Skill      XL: |  1  2  3  4  5  6  7  8  9 |
---------------+----------------------------+-----
Air Magic      | 1 2 3 4 |  4.0
Poison Magic   | 4 5 6 7 8 |  8.4
Conjurations   | 2 3 5 |  5.4
Spellcasting   | 3 4 5 |  5.3
Fighting       | 1 2 4 |  4.8
Dodging        | 2 |  2.4
Stealth        | 2 |  2.5
Invocations    | 1 |  1.7

Action                   |  1- 3 |  4- 6 |  7- 9 || total
-------------------------+-------+-------+-------++-------
Melee: Unarmed           |    19 |       |       ||    19
       Whip              |     4 |    26 |       ||    30
       Tailslap          |     1 |     4 |    29 ||    34
       Dagger            |       |    30 |   228 ||   258
 Cast: Sting             |    49 |    43 |    27 ||   119
       Poisonous Vapours |    37 |    68 |   103 ||   208
       Mephitic Cloud    |       |     4 |     8 ||    12
       Olgreb's Toxic Ra |       |     1 |     4 ||     5
       Magic Dart        |       |       |     7 ||     7
       Venom Bolt        |       |       |     1 ||     1
Invok: Divine Energy     |       |       |     1 ||     1
 Abil: Breathe Acid      |       |       |    22 ||    22
  Use: Scroll            |       |     2 |    11 ||    13
       Potion            |       |       |     4 ||     4
 Stab: Confused          |       |     1 |       ||     1
  Eat: Chunk             |     9 |    15 |    16 ||    40
       Ration            |       |       |     4 ||     4
Armor: Skin              |    17 |    50 |    97 ||   164
Dodge: Dodged            |    41 |    66 |   152 ||   259

Table legend:
 A = Non-vault XP
 B = Vault XP
 C = Vault XP percentage of total XP
 D = Non-vault monster count
 E = Vault monster count
 F = Vault count percentage of total count
                 A         B        C        D         E       F
            +---------+---------+-------+---------+---------+-------
      Total |    3000 |    1083 |  26.5 |     137 |      31 |  18.5
            +---------+---------+-------+---------+---------+-------
        D:1 |      30 |      12 |  28.6 |      18 |      12 |  40.0
        D:2 |      69 |      20 |  22.5 |      21 |       8 |  27.6
        D:3 |     238 |      35 |  12.8 |      25 |       1 |   3.8
        D:4 |     296 |      41 |  12.2 |      15 |       1 |   6.2
        D:5 |     276 |       0 |   0.0 |       9 |       0 |   0.0
        D:6 |     382 |      42 |   9.9 |      10 |       1 |   9.1
        D:7 |     414 |     121 |  22.6 |      11 |       1 |   8.3
        D:8 |     467 |       0 |   0.0 |       8 |       0 |   0.0
        D:9 |     783 |     549 |  41.2 |      19 |       3 |  13.6
       D:10 |      45 |     263 |  85.4 |       1 |       4 |  80.0
            +---------+---------+-------+---------+---------+-------
